 Dungeon Crawl Stone Soup version 0.28.0 (webtiles) character file.

Game seed: 15907515525348937547

349 mathmaestro the Shield-Bearer (level 6, -2/39 HPs)
             Began as a Gargoyle Fighter on Feb 8, 2022.
             Was an Initiate of Okawaru.
             Engulfed by a steam dragon's steam (12 damage)
             ... on level 3 of the Dungeon.
             The game lasted 00:06:29 (3421 turns).

mathmaestro the Shield-Bearer (Gargoyle Fighter)    Turns: 3421, Time: 00:06:29

Health: -2/39      AC: 11    Str: 22    XL:     6   Next: 60%
Magic:  6/6        EV:  9    Int:  8    God:    Okawaru [......]
Gold:   29         SH:  4    Dex:  9    Spells: 5/5 levels left

rFire   . . .      SeeInvis .   j - +2 mace (holy)
rCold   + . .      Faith    .   v - +0 buckler
rNeg    + . .      Spirit   .   b - +0 scale mail
rPois   ∞          Reflect  .   (no helmet)
rElec   +          Harm     .   (no cloak)
rCorr   .          Rampage  .   (no gloves)
Will    .....                   (no boots)
Stlth   ..........              (no amulet)
HPRegen 0.13/turn               i - ring of protection from cold
MPRegen 0.10/turn               (no ring)

@: mighty
A: sickness immunity, AC +4, negative energy resistance 1, electricity
resistance, torment resistance 1, petrification resistance
a: Renounce Religion


You were on level 3 of the Dungeon.
You worshipped Okawaru.
Okawaru was noncommittal.
You visited 2 branches of the dungeon, and saw 6 of its levels.
You also visited: Sewer.

You collected 161 gold pieces.
You spent 132 gold pieces at shops.

Inventory:

Hand Weapons
 j - a +2 mace of holy wrath (weapon)
Missiles
 a - 5 boomerangs (quivered)
Armour
 b - a +0 scale mail (worn)
 c - a +0 buckler
 v - a +0 buckler (worn)
Jewellery
 i - a ring of protection from cold (left hand)
 m - a ring of wizardry
Scrolls
 g - a scroll of fog {unknown}
 h - a scroll of blinking
 l - 2 scrolls of identify {unknown}
 p - a scroll of brand weapon {unknown}
 q - a scroll of noise {unknown}
 s - a scroll of teleportation {unknown}
 t - a scroll of amnesia {unknown}
Potions
 d - a potion of might
 e - 2 potions of haste {unknown}
 f - a potion of heal wounds
 k - a potion of magic {unknown}
 n - 3 potions of curing
 o - a potion of degeneration {unknown}
 r - a potion of lignification
 u - a potion of brilliance {unknown}


   Skills:
 + Level 4.6 Fighting
 + Level 3.5 Maces & Flails
 + Level 1.7 Throwing
 + Level 4.6 Armour
 + Level 4.6 Shields
 + Level 0.6 Invocations


You had 5 spell levels left.
You didn't know any spells.
Your spell library was empty.

Dungeon Overview and Level Annotations

Branches:
Dungeon (5/15)             Temple (1/1) D:5           Sewer (visited)

Altars:
Ashenzari
Cheibriados
Fedhas
Gozag
Makhleb
Nemelex Xobeh
Okawaru
Trog
Uskayaw
Wu Jian
Xom
Yredelemnul
Zin
The Shining One

Shops:
D:5 !


Innate Abilities, Weirdness & Mutations

You are immune to sickness and miasma.
Your stone body is resilient. (AC +4)
You are immune to poison.
You resist negative energy. (rN+)
You are resistant to electric shocks. (rElec)
You are resistant to unholy torment.
You are immune to petrification.


Message History

The ball of steam hits you!
You are engulfed in a cloud of scalding steam.
The steam dragon bites you! The steam dragon closely misses you.
You sock the steam dragon!
The steam dragon is moderately wounded.
The steam dragon bites you but does no damage.
The steam dragon claws you but does no damage.
The steam dragon completely misses you. The steam dragon barely misses you.
You closely miss the steam dragon.
The steam dragon is moderately wounded.
The steam dragon closely misses you. x2
You barely miss the steam dragon.
The steam dragon is moderately wounded.
The steam dragon bites you but does no damage.
You block the steam dragon's attack.
You hit the steam dragon but do no damage.
The steam dragon is moderately wounded.
You block the steam dragon's attack.
The steam dragon claws you but does no damage.
You feel very mighty all of a sudden. The steam dragon breathes steam at you.
The ball of steam hits you!
* * * LOW HITPOINT WARNING * * *
You feel much better.
You are engulfed in a cloud of scalding steam.
The steam dragon bites you. The steam dragon claws you.
You barely miss the steam dragon.
The steam dragon is moderately wounded.
You are engulfed in a cloud of scalding steam.
You block the steam dragon's attack. The steam dragon barely misses you.
The steam dragon misses you. The steam dragon claws you.
You barely miss the steam dragon.
The steam dragon is moderately wounded.
You are engulfed in a cloud of scalding steam.
* * * LOW HITPOINT WARNING * * *
You block the steam dragon's attack. x2
You sock the steam dragon!
The steam dragon is almost dead.
You are engulfed in a cloud of scalding steam.
You die...

*,..................####.
*,..............#...# #.
*,..............##..#* #.
**...................#*##
**,,,..#).......###..#*#
******#.####..## *.....
#)####...##*,....
#####...#.....###....
#...@##............#.
#..D.###.#..>....#...
#........#......#.K..
#.....##.#...$#......
#.....##.#g..........
#........#........>..
#....##..#..)..#...##
****#....#*#....#####††..
*,,,,,,,**#......***#....


You could see a steam dragon.

Vanquished Creatures
  An orc priest (D:5)
  2 hounds (D:5)
  A bullfrog skeleton (D:5)
  An iguana (D:4)
  2 gnolls (D:3)
  7 adders
  2 river rats (Sewer)
  2 worms (D:2)
  3 dart slugs
  3 orcs
  9 endoplasms
  2 giant cockroaches
  3 goblins
  4 hobgoblins
  4 quokkas
  12 ball pythons
  2 bats (D:1)
  4 frilled lizards
  6 kobolds
  6 rats
76 creatures vanquished.

Vanquished Creatures (collateral kills)
  An endoplasm (D:3)
1 creature vanquished.

Vanquished Creatures (others)
  An orc wizard (D:5)
  A gnoll (D:3)
2 creatures vanquished.

Grand Total: 79 creatures vanquished

Notes
Turn   | Place    | Note
-------+----------+-------------------------------------------
     0 | D:1      | mathmaestro the Gargoyle Fighter began the quest for the
                  | Orb.
     0 | D:1      | Reached XP level 1. HP: 14/14 MP: 1/1
   180 | D:1      | Reached XP level 2. HP: 15/19 MP: 2/2
   874 | D:1      | Found a faded altar of an unknown god.
  1150 | D:2      | Reached XP level 3. HP: 23/23 MP: 3/3
  1613 | D:2      | Reached XP level 4. HP: 29/29 MP: 4/4
  1927 | D:3      | Found a glowing drain.
  1936 | Sewer    | Entered a sewer
  2310 | Sewer    | Reached XP level 5. HP: 28/33 MP: 5/5
  2501 | D:3      | Found a basalt altar of Yredelemnul.
  2680 | D:3      | You fall into a shaft and drop 2 floors!
  2680 | D:5      | Entered Level 5 of the Dungeon
  2697 | D:5      | Reached skill level 1 in Throwing
  2711 | D:5      | Reached XP level 6. HP: 13/39 MP: 6/6
  2938 | D:5      | Found a staircase to the Ecumenical Temple.
  2946 | Temple   | Entered the Ecumenical Temple
  3005 | Temple   | Became a worshipper of Warmaster Okawaru
  3090 | D:5      | Found Jyskiocs's Distillery.
  3093 | D:5      | Bought a potion of heal wounds for 60 gold pieces
  3093 | D:5      | Bought a potion of curing for 36 gold pieces
  3093 | D:5      | Bought a potion of lignification for 36 gold pieces
  3364 | D:3      | Noticed a steam dragon
  3421 | D:3      | Engulfed by a steam dragon's steam

Illustrated notes

Levels and vault maps discovered:
D:1:      shiori_arrival_elements, layout_basic, chequers_ecumenical_altar_lobes
D:2:      layout_basic, chequers_jeans
D:3:      layout_rooms, yredelemnul_altar_generic,
          cheibrodos_sewer_entry_sluice, minmay_distorted
D:4:      cheibrodos_barr_body, layout_gridville,
          lemuel_mausoleum_altar_kikubaaqudgha, minmay_misc_feat_cross,
          uniq_menkaure, uniq_eustachio
D:5:      layout_loops_ring, mainiacjoe_overflow_chevrons,
          minmay_temple_entry_junction, serial_shops, shop,
          nicolae_concentric_dashed_squares_wild
Temple:   cyrus_circular_temple

Skill      XL: |  1  2  3  4  5 |
---------------+----------------+-----
Fighting       | 4 |  4.6
Armour         | 4 |  4.6
Shields        | 4 |  4.6
Maces & Flails | 3 |  3.5
Throwing       | 1 |  1.7
Invocations    | |  0.6

Action                   |  1- 3 |  4- 6 || total
-------------------------+-------+-------++-------
Melee: Flail             |    33 |       ||    33
       Mace              |    44 |   178 ||   222
  Use: Scroll            |       |     5 ||     5
       Potion            |       |     3 ||     3
Armor: Scale mail        |    34 |   126 ||   160
Dodge: Dodged            |    23 |   120 ||   143
Block: Buckler           |    11 |    41 ||    52
